Map: 뉴커크 재개발 지구 - 토너먼트 (공허의 유산)

Players

Impact - Winner!

  • Race: Zerg Zerg
  • Spawn Location: 5:00

jjakji

  • Race: Terran Terran
  • Spawn Location: 7:00

Event: IEM XI Katowice - World Championship 2017

VOD

Have the link to the VOD?

Description

Time

  • Played on: Feb. 28, 2017, 8:46 a.m.
  • Length: 6:28

All games in this series

Show
View Real Time Build Order
Export as new Build Order

Impact Zerg - Winner!

Build Orders: Pool First 

Get SALT Encoding   

  12  0:00  Drone  
  13  0:12  Overlord  
  13  0:17  Drone  
  14  0:30  Drone  
  14  0:31  Drone  
  16  0:36  Drone  
  17  0:47  Spawning Pool  
  17  0:49  Drone  
  17  0:56  Drone  
  18  1:10  Extractor  
  17  1:14  Hatchery  
  17  1:17  Drone  
  17  1:24  Drone  
  18  1:34  Zergling x2, Queen  
  18  1:38  Zergling x2  
  22  1:49  Overlord  
  22  2:02  Extractor, Drone  
  23  2:09  Queen  
  23  2:10  Metabolic Boost  
  23  2:12  Drone  
  26  2:22  Drone  
  27  2:25  Queen  
  27  2:29  Drone  
  30  2:40  Overlord  
  30  2:41  Drone x2  
  32  2:46  Drone  
  32  2:50  Pneumatized Carapace  
  31  2:58  Overlord  
  31  3:00  Drone x2  
  33  3:06  Drone  
  33  3:09  Drone x2  
  33  3:12  Drone  
  37  3:15  Drone x2  
  37  3:19  Zergling x2  
  40  3:21  Zergling x2  
  40  3:23  Drone  
  40  3:25  Drone  
  43  3:28  Drone  
  43  3:30  Drone  
  45  3:44  Hatchery  
  45  3:47  Queen  
  46  3:58  Lair  
  46  4:02  Drone  
  47  4:03  Zergling x4, Extractor  
  47  4:04  Extractor  
  47  4:06  Drone  
  47  4:07  Zergling x2  
  47  4:09  Drone  
  50  4:10  Zergling x2  
  51  4:17  Zergling x2  
  51  4:19  Overlord  
  51  4:21  Overlord  
  52  4:27  Roach Warren  
  52  4:29  Overlord  
  51  4:32  Overlord  
  51  4:36  Queen  
  51  4:39  Drone x3  
  51  4:42  Drone  
  51  4:43  Drone  
  56  4:47  Drone x2  
  58  4:59  Nydus Network  
  57  5:06  Spore Crawler  
  55  5:09  Roach x2  
  55  5:10  Roach x2  
  55  5:13  Roach x2  
  67  5:19  Roach x2  
  71  5:22  Roach  
  71  5:24  Roach  
  75  5:34  Roach x2  
  79  5:35  Nydus Canal  
  79  5:38  Overlord  
  79  5:42  Roach  
  81  5:46  Overlord  
  81  5:47  Overseer  
  83  5:57  Roach  
  83  6:00  Roach  
  83  6:01  Roach  
  83  6:02  Roach  
  83  6:03  Overlord x2  
  89  6:06  Roach  
  89  6:11  Drone x2  
  96  6:19  Ravager  
Show
View Real Time Build Order
Export as new Build Order

jjakji Terran 

Build Orders: Reaper Expand 

Get SALT Encoding   

  12  0:00  SCV  
  13  0:12  SCV  
  14  0:18  Supply Depot  
  14  0:24  SCV  
  15  0:29  Refinery  
  15  0:39  SCV  
  16  0:46  Barracks  
  16  0:51  SCV  
  17  1:03  SCV  
  18  1:15  SCV  
  19  1:34  Reaper, Orbital Command  
  20  1:44  Command Center  
  20  1:55  Factory  
  20  1:59  SCV  
  21  2:07  Barracks Reactor  
  21  2:09  Supply Depot  
  21  2:12  SCV  
  22  2:18  Refinery  
  22  2:24  SCV  
  23  2:37  SCV  
  24  2:49  SCV  
  25  2:52  Starport  
  25  3:00  Hellion x2  
  25  3:01  SCV, Barracks Tech Lab  
  30  3:13  SCV  
  30  3:15  Orbital Command  
  31  3:21  Hellion x2  
  31  3:25  SCV  
  36  3:32  Marine  
  37  3:37  SCV  
  37  3:40  Viking  
  39  3:42  SCV  
  39  3:46  Supply Depot  
  42  3:49  SCV  
  42  3:52  Barracks Tech Lab  
  42  3:54  SCV  
  46  4:08  SCV x2  
  48  4:10  Supply Depot  
  47  4:20  SCV x2  
  49  4:27  Marine  
  49  4:31  Engineering Bay x2  
  48  4:32  SCV x2  
  44  4:44  SCV x2  
  46  4:47  Marine, Starport Reactor  
  46  4:50  Barracks  
  46  4:51  Barracks, Factory Reactor  
  47  4:53  Supply Depot  
  47  4:56  SCV x2  
  49  5:05  Marine  
  49  5:06  Refinery x2  
  50  5:09  SCV x2  
  52  5:20  Liberator  
  52  5:22  SCV x2  
  52  5:23  Marine  
  55  5:32  Barracks  
  55  5:34  Barracks  
  55  5:38  Marine x3  
  55  5:41  Marine  
  62  5:56  Marine x2  
  61  5:58  Marine  

Tags
 
Add a new tag
Caveats
  • Supply blocks, unpowered buildings, or Contaminate may cause inaccurate times.
  • Supply counts are checked every 10 seconds.